AoeStats
← chaquin_7

MegaRandom

510378325Analyzed
2v2 RM · 1d ago on Sep 30, 2026· 67m 44s· 4 players
Game mode
Random Map
Map size
Medium (4 player)
Population
200
Speed
Normal
Resources
Standard
Victory
Conquest
Starting age
Dark Age
Ending age
Imperial Age
RankedLock teamsTeams togetherTeam positionsShared explorationLock speedFull tech treeHidden civsTurbo modeCheats
Victory
Defeat
🇩🇪 Franks · Germany
1297
+11
🇩🇪 Saxons · Germany
1188
+15
🇮🇱 Bengalis · Israel
1198
-14
🇲🇽 Sicilians · Mexico
1163
-12
Ezrah4Ever
2:49 Loom
11:44 Feudal Age
12:55 Double-Bit Axe
17:01 Castle Age
15:29 Forging
15:24 Scale Barding Armor
17:55 Light Cavalry
19:48 Bow Saw
19:40 Horse Collar
20:05 Husbandry
21:02 Fletching
22:19 Wheelbarrow
26:46 Hand Cart
30:06 Iron Casting
29:57 Heavy Plow
30:23 Chain Barding Armor
32:08 Bodkin Arrow
33:43 Bloodlines
40:52 Imperial Age
39:05 Town Watch
40:36 Town Patrol
41:28 Elite Battle Elephant
44:18 Plate Barding Armor
44:56 Conscription
49:34 Paiks
52:15 Blast Furnace
62:09 Bracer
chaquin_7
3:08 Loom
9:34 Feudal Age
13:26 Forging
13:18 Scale Mail Armor
13:29 Town Watch
27:50 Castle Age
28:25 Double-Bit Axe
42:12 Imperial Age
43:43 Husbandry
43:54 Bloodlines
44:57 Hauberk
45:14 Scale Barding Armor
44:59 Cavalier
47:25 Capped Ram
53:12 Light Cavalry
54:54 Iron Casting
62:19 Fletching
62:30 Padded Archer Armor
64:09 Elite Skirmisher
TisButAScratch
4:44 Loom
9:40 Feudal Age
16:17 Double-Bit Axe
17:51 Forging
21:17 Castle Age
20:54 Scale Barding Armor
24:29 Wheelbarrow
24:50 Wheelbarrow
26:52 Murder Holes
32:24 Bow Saw
32:15 Fletching
37:21 Imperial Age
35:05 Gold Mining
36:55 Chain Barding Armor
37:11 Iron Casting
37:04 Husbandry
37:26 Cavalier
38:02 Town Watch
42:48 Hand Cart
44:47 Plate Barding Armor
44:48 Iron Casting
45:35 Gold Shaft Mining
50:47 Pikeman
52:04 Squires
53:13 Halberdier
53:55 Scale Mail Armor
56:50 Chain Mail Armor
59:26 Blast Furnace
59:28 Arson
60:26 Plate Mail Armor
60:42 Conscription
61:10 Bodkin Arrow
62:39 Paladin
Santissima Trinidad
2:32 Loom
10:36 Feudal Age
17:54 Castle Age
16:11 Padded Archer Armor
16:01 Fletching
18:29 Gold Mining
18:26 Double-Bit Axe
19:14 Thumb Ring
24:00 Leather Archer Armor
23:40 Bodkin Arrow
25:36 Husbandry
25:47 Bloodlines
29:43 Ballistics
31:33 Bodkin Arrow
47:10 Imperial Age
45:51 Wheelbarrow
46:11 Treadmill Crane
48:24 Cranequins
49:28 Conscription
49:50 Light Cavalry
52:16 Squires
52:01 Gambesons
51:42 Hussar
54:07 Chemistry
54:33 Man-at-Arms
54:34 Elite Varangian Guard
55:38 Forging
55:28 Scale Mail Armor
55:01 Elite Hearth Troop
55:56 Shield Wall
58:06 Heavy Mounted Crossbowman
61:08 Scale Barding Armor
61:38 Iron Casting
61:04 Bracer
61:35 Ring Archer Armor
61:39 Town Watch
62:10 Hand Cart
64:24 Chain Barding Armor
64:26 Chain Mail Armor
66:43 Pikeman
68:01 Plate Mail Armor
67:51 Chain Barding Armor
Connection lost

Rejoining the realm…

Still unreachable

The connection could not be restored.

Session expired

The server has moved on; the page needs a fresh start.